 Dungeon Crawl Stone Soup version 0.28-a0-1382-g92835e5c71 (webtiles) character file.

Game seed: 14438228336241767395

86 Deminshera the Sneak (level 4, -5/28 HPs)
             Began as a Kobold Brigand on Jan 1, 2022.
             Slain by a gnoll (11 damage)
             ... on level 2 of the Dungeon.
             The game lasted 00:01:55 (2450 turns).

Deminshera the Sneak (Kobold Brigand)               Turns: 2450, Time: 00:01:56

Health: -5/28      AC:  4    Str: 10    XL:     4   Next: 77%
Magic:  4/4        EV: 13    Int: 12    God:
Gold:   28         SH:  0    Dex: 16    Spells: 3/3 levels left

rFire   . . .      SeeInvis .   a - +2 dagger
rCold   . . .      Faith    .   (no shield)
rNeg    . . .      Spirit   .   o - +0 leather armour
rPois   .          Reflect  .   (no helmet)
rElec   .          Harm     .   c - +0 cloak
rCorr   .          Rampage  .   (no gloves)
Will    .....                   (no boots)
Stlth   ++++......              (no amulet)
HPRegen 0.09/turn               (no ring)
MPRegen 0.09/turn               (no ring)

@: no status effects
A: small, no large weapons, nightstalker 3
a: no special abilities


You were on level 2 of the Dungeon.
You visited 1 branch of the dungeon, and saw 3 of its levels.

You collected 28 gold pieces.

Inventory:

Hand Weapons
 a - a +2 dagger (weapon)
Missiles
 d - 8 poisoned darts
 e - 3 curare-tipped darts (quivered)
Armour
 c - a +0 cloak (worn)
 o - a +0 leather armour (worn)
Scrolls
 g - a scroll of teleportation {unknown}
 i - a scroll of magic mapping {unknown}
 j - a scroll of fear {unknown}
 k - a scroll of fog {unknown}
 l - a scroll of noise {unknown}
 m - a scroll of blinking {unknown}
 n - a scroll of summoning {unknown}
Potions
 b - a potion of flight {unknown}
 f - a potion of attraction {unknown}
 h - a potion of might {unknown}


   Skills:
 + Level 3.1 Fighting
 * Level 4.6 Short Blades
 - Level 2.1 Throwing
 - Level 1.2 Dodging
 + Level 6.1 Stealth


You had 3 spell levels left.
You didn't know any spells.
Your spell library was empty.

Dungeon Overview and Level Annotations

Branches:
Dungeon (3/15)

Altars:


Innate Abilities, Weirdness & Mutations

You are small and have problems with some larger weapons.
You are completely attuned to the shadows.


Message History

The gnoll is severely wounded.
The gnoll barely misses you.
You barely miss the gnoll.
The gnoll is severely wounded.
The gnoll barely misses you.
You hit the gnoll.
You kill the gnoll!
Things that are here:
a +0 whip; a +0 quarterstaff; a gnoll corpse
There is a stone staircase leading down here.
You climb downwards.
There is a stone staircase leading up here.
You start resting.
A gnoll is nearby!
A gnoll is nearby!
The gnoll hits you with a +0 flail!
You hit the gnoll.
The gnoll is moderately wounded.
The gnoll hits you with a +0 flail!
* * * LOW HITPOINT WARNING * * *
You are too injured to fight recklessly!
You are too injured to fight recklessly!
There is a stone staircase leading up here.
The gnoll barely misses you.
You climb upwards.
There is a stone staircase leading down here.
Throw: 5 darts (curare)
Press: ? - help, Q - select action, (/) - cycle Shift-Dir - straight line, f - gnoll
Aim: a gnoll, wielding a +0 flail and quivering a throwing net (moderately wounded, 65% to hit)
You throw a curare-tipped dart.
The curare-tipped dart closely misses the gnoll.
Throw: 4 darts (curare)
Press: ? - help, Q - select action, (/) - cycle Shift-Dir - straight line, f/p - gnoll
Aim: a gnoll, wielding a +0 flail and quivering a throwing net (moderately wounded, 65% to hit)
You throw a curare-tipped dart. The curare-tipped dart hits the gnoll.
The gnoll is poisoned.
The gnoll convulses.
The gnoll seems to slow down.
The gnoll is almost dead.
The gnoll hits you with a +0 flail!
You die...

########### #.........#
#.........#############
#.....@................
#....)g...#############
#.........######
######.........#
#.........# #......##.#
#......##.#
#........[####
######............#


You could see a gnoll (very poisoned, slow).

Vanquished Creatures
  2 adders (D:2)
  2 gnolls (D:2)
  A worm (D:2)
  3 dart slugs
  5 endoplasms
  2 giant cockroaches (D:2)
  3 goblins
  4 hobgoblins
  4 kobolds
  3 quokkas
  3 ball pythons
  2 bats
  3 frilled lizards
  3 rats
40 creatures vanquished.

Notes
Turn   | Place    | Note
-------+----------+-------------------------------------------
     0 | D:1      | Deminshera the Kobold Brigand began the quest for the Orb.
     0 | D:1      | Reached XP level 1. HP: 12/12 MP: 1/1
    31 | D:1      | Found a faded altar of an unknown god.
   214 | D:1      | Reached XP level 2. HP: 18/18 MP: 2/2
   471 | D:1      | Reached XP level 3. HP: 17/22 MP: 3/3
  1102 | D:2      | Reached XP level 4. HP: 11/27 MP: 4/4
  1475 | D:2      | Reached skill level 6 in Stealth
  2022 | D:2      | HP: 1/28 [gnoll (10)]
  2450 | D:2      | Slain by a gnoll

Illustrated notes

Levels and vault maps discovered:
D:1:      amcnicky_arrival_flooded_fountain, layout_basic,
          ebering_ecumenical_altar_box
D:2:      layout_basic
D:3:      layout_basic, nicolae_gozag_seed_capital, hangedman_decor_points,
          minmay_misc_feat_roman, serial_park_tiny_2

Skill      XL: |  1  2  3  4 |
---------------+-------------+-----
Short Blades   | 3 4 |  4.6
Stealth        | 6 |  6.1
Fighting       | 3 |  3.1
Throwing       | |  2.1
Dodging        | |  1.2

Action                   |  1- 3 |  4- 6 || total
-------------------------+-------+-------++-------
Melee: Dagger            |    67 |    44 ||   111
Throw: Dart              |       |     2 ||     2
 Stab: Sleeping          |    22 |     3 ||    25
Armor: Robe              |     3 |       ||     3
       Leather armour    |     4 |     6 ||    10
Dodge: Dodged            |    18 |    22 ||    40

Table legend: (Time is in decaauts)
 A = Elapsed time spent in this place.
 B = Non-inter-level travel time spent in this place.
 C = Inter-level travel time spent in this place.
 D = Time resting spent in this place.
 E = Time spent auto-exploring this place.
 F = Levels seen in this place.
 G = Mean time per level.
                   A        B        C        D        E       F      G
               +--------+--------+--------+--------+--------+-----+--------+
         Total |   2430 |   2384 |     46 |    759 |   1295 |   3 |  810.0 |
       Dungeon |   2430 |   2384 |     46 |    759 |   1295 |   3 |  810.0 |
               +--------+--------+--------+--------+--------+-----+--------+

Top non-repeatable levels by time:
     D:2: 1631 daAuts
     D:1: 727 daAuts
     D:3: 70 daAuts
